 Dungeon Crawl Stone Soup version 0.28-b1-1-g3c77fb2ed1 (webtiles) character file.

Game seed: 8050957495966360144

72 Descartes the Ducker (level 4, 0/24 HPs)
             Began as a Deep Elf Wanderer on Jan 30, 2022.
             Slain by an adder (3 damage)
             ... on level 2 of the Dungeon.
             The game lasted 00:04:25 (1915 turns).

Descartes the Ducker (Deep Elf Wanderer)            Turns: 1915, Time: 00:04:26

Health: 0/24       AC:  5    Str:  7    XL:     4   Next: 7%
Magic:  12/14      EV: 16    Int: 17    God:
Gold:   120        SH:  0    Dex: 24    Spells: 14/15 levels left

rFire   . . .      SeeInvis .   a - +0 dagger
rCold   . . .      Faith    .   (no shield)
rNeg    . . .      Spirit   .   c - +2 leather armour
rPois   .          Reflect  .   (no helmet)
rElec   .          Harm     .   (no cloak)
rCorr   .          Rampage  .   (no gloves)
Will    .....                   (no boots)
Stlth   ++........              (no amulet)
HPRegen 0.08/turn               h - +6 ring of dexterity
MPRegen 0.14/turn               (no ring)

@: no status effects
A: no striking features
a: no special abilities


You were on level 2 of the Dungeon.
You visited 1 branch of the dungeon, and saw 2 of its levels.

You collected 120 gold pieces.

Inventory:

Hand Weapons
 a - a +0 dagger (weapon)
Missiles
 d - 91 stones
 i - 54 arrows
 j - 6 poisoned darts
Armour
 c - a +2 leather armour (worn)
 f - a +0 kite shield
Magical Staves
 g - a staff of conjuration
Jewellery
 h - a +6 ring of dexterity (left hand)
Wands
 m - a wand of mindburst (13)
Scrolls
 b - a scroll of vulnerability
 e - 2 scrolls of teleportation {unknown}
Potions
 k - a potion of brilliance {unknown}
 l - a potion of haste {unknown}
 n - a potion of curing {unknown}
 o - a potion of attraction {unknown}


   Skills:
 - Level 6.0 Dodging
 + Level 1.5 Shields
 - Level 6.0 Spellcasting
 + Level 0.3 Conjurations
 + Level 0.3 Transmutations
 + Level 3.0 Ice Magic
 - Level 1.0 Invocations


You had 14 spell levels left.
You knew the following spells:

 Your Spells              Type           Power      Damage    Failure   Level
a - Freeze                Ice            60%        1d8       5%          1

Your spell library contained the following spells:

 Spells                   Type           Power      Damage    Failure   Level
 Frozen Ramparts          Ice            30%        1d5       17%         3
 Blade Hands              Tmut           3%         N/A       99%         5
 Irradiate                Conj/Tmut      3%         3d14      99%         5
 Dragon Form              Tmut           3%         N/A       100%        7


Dungeon Overview and Level Annotations

Branches:
Dungeon (2/15)

Altars:


Message History

The adder hisses angrily.
The gnoll misses you. The gnoll misses you.
Casting: Freeze (safe; 5% risk of failure)
Confirm with . or Enter, or press ? or * to list all spells.
Aiming: Freeze (safe; 5% risk of failure)
Press: ? - help, Shift-Dir - straight line, f - gnoll
Aim: a gnoll, wielding a +0 halberd You freeze the gnoll.
The gnoll is lightly wounded.
The gnoll hits you with a +0 halberd!
Casting: Freeze (safe; 5% risk of failure)
Confirm with . or Enter, or press ? or * to list all spells.
Aiming: Freeze (safe; 5% risk of failure)
Press: ? - help, Shift-Dir - straight line, f/p - gnoll
Aim: a gnoll, wielding a +0 halberd (lightly wounded)
You freeze the gnoll.
The gnoll is moderately wounded.
The gnoll closely misses you.
Casting: Freeze (safe; 5% risk of failure)
Confirm with . or Enter, or press ? or * to list all spells.
Aiming: Freeze (safe; 5% risk of failure)
Press: ? - help, Shift-Dir - straight line, f/p - gnoll
Aim: a gnoll, wielding a +0 halberd (moderately wounded)
You freeze the gnoll.
The gnoll is moderately wounded.
The gnoll misses you.
Casting: Freeze (safe; 5% risk of failure)
Confirm with . or Enter, or press ? or * to list all spells.
Aiming: Freeze (safe; 5% risk of failure)
Press: ? - help, Shift-Dir - straight line, f/p - gnoll
Aim: a gnoll, wielding a +0 halberd (moderately wounded)
You freeze the gnoll.
The gnoll is heavily wounded.
The gnoll hits you with a +0 halberd!
Ouch! That really hurt!
* * * LOW HITPOINT WARNING * * *
The gnoll misses you. The adder bites you.
You die...

###........##. #....#
#.##
##.........##.##.#### #.
...#........#.##.# #.
.###...####....#.# ..
.....##....##....###....
...†#........#.........
.#.#.#......#÷#..###...
..†#..#....#..#...# .
.^#....#.)#....#@.###
#.#.†...##.....#S...#
..#....)##.....#.##.#
..#....#..#....#B# .#
...#..#÷...#..#..# .
#..#.#...B..#.#.g#
#...#........#...#
.##..##....##....#
##...####......#


You could see a gnoll, an adder and a giant cockroach.

Vanquished Creatures
  A gnoll (D:1)
  An adder (D:2)
  2 worms (D:2)
  A dart slug (D:1)
  4 ball pythons
  4 endoplasms (D:1)
  3 giant cockroaches (D:1)
  2 hobgoblins (D:1)
  4 jackals (D:2)
  3 quokkas
  4 bats
  4 goblins
  6 kobolds
  3 rats (D:1)
42 creatures vanquished.

Vanquished Creatures (others)
  2 fungi (D:2)
2 creatures vanquished.

Grand Total: 44 creatures vanquished

Notes
Turn   | Place    | Note
-------+----------+-------------------------------------------
     0 | D:1      | Descartes the Deep Elf Wanderer began the quest for the
                  | Orb.
     0 | D:1      | Descartes set off with the following items: a +0 dagger, a
                  | scroll of vulnerability, a +2 leather armour; and the
                  | following spell memorised: Freeze; and the following spells
                  | available to memorise: Frozen Ramparts
     0 | D:1      | Reached XP level 1. HP: 10/10 MP: 9/9
   417 | D:1      | Reached skill level 1 in Ice Magic
   424 | D:1      | Reached XP level 2. HP: 11/15 MP: 2/11
  1093 | D:1      | Reached XP level 3. HP: 19/19 MP: 9/12
  1348 | D:1      | Reached skill level 1 in Shields
  1754 | D:2      | Reached XP level 4. HP: 24/24 MP: 8/14
  1915 | D:2      | Slain by an adder

Illustrated notes

Levels and vault maps discovered:
D:1:      lightli_arrival_boilingwater, layout_basic, minivault_4
D:2:      layout_rooms, serial_shops, shop_statue,
          shapermc_ecumenical_altar_petra, minmay_circled_x

Skill      XL: |  1  2  3  4 |
---------------+-------------+-----
Spellcasting   | 6 |  6.0
Ice Magic      | 1 2 3 |  3.0
Shields        | 1 |  1.5
Dodging        | |  6.0
Conjurations   | |  0.3
Transmutations | |  0.3
Invocations    | |  1.0

Action                   |  1- 3 |  4- 6 || total
-------------------------+-------+-------++-------
Melee: Dagger            |     3 |       ||     3
 Cast: Freeze            |    80 |     9 ||    89
Armor: Leather armour    |    18 |       ||    18
Dodge: Dodged            |    35 |    12 ||    47
